woodfighter, neutral female scurrid Archeologist - ----. --|..<... --.--...-- |........| .--- --........- ...|---...'s.... -.--.....@---. ---|......f..| |..---......-| |............| ----.B.--..--- ^ |...|---- --...- |)..... ------ woodfighter the Field Worker Experience level: 5 Strength: 11 Dexterity: 10 Constitution: 13 Intelligence: 16 Wisdom: 13 Charisma: 12 Health: 0(38) Energy: 23(23) Def: 2 Gold: 0 Moves: 1312 Dungeon seed: R8_IWZMlpfGR27SG Game ID: woodfighter_1533147537 Your Inventory: Amulets v - an uncursed amulet versus poison Weapons a - a +2 bullwhip (weapon in paw) A - a +0 dwarvish mattock Armor e - an uncursed +0 leather jacket (being worn) n - an uncursed +0 pair of leather gloves (being worn) q - an uncursed +0 elven leather helm r - a cursed +0 mummy wrapping y - a blessed +1 dwarvish cloak z - an uncursed +0 dwarvish cloak Y - an uncursed +0 dwarvish cloak Comestibles b - 3 uncursed chestnuts k - an uncursed food ration Scrolls M - a blessed scroll of teleportation O - an uncursed scroll of light Potions K - an uncursed potion of gain energy L - an uncursed potion of extra healing Wands d - a wand of light (0:12) H - a wand of speed monster (0:5) Tools c - an uncursed pair of lenses h - an uncursed oil lamp (lit) (0:685) s - an uncursed sack w - an uncursed magic whistle Gems N - an uncursed jasper Q - an uncursed touchstone R - an uncursed aquamarine Contents of the sack: 165 gold pieces a [cursed] scroll of blank paper a [blessed] scroll of confuse monster 2 [blessed] scrolls of enchant weapon a [blessed] scroll of remove curse 3 [uncursed] scrolls of scare monster a [uncursed] scroll of water a [blessed] potion of gain ability a [uncursed] potion of hallucination a [uncursed] potion of healing a [uncursed] potion of see invisible 2 potions of unholy water Spells and supernatural/magical abilities: Name Level Category Fail Memory W - pray for help -- divine ? -- Your skills at the end: Miscellaneous Skills wands [Basic] Weapon Skills whip [Basic] Spellcasting Skills Final Attributes: You were devoutly aligned. You had infravision. You were very stealthy. You were held by a rope golem. You were fast. You are dead. Vanquished creatures: a dog 3 gnome lords 2 kobold mummies a kitten 5 dwarves an iguana a rothe a jitterbug a monkey a dwarf zombie 3 coyotes 4 hobbits 2 geckos 3 giant rats a brown mold a yellow mold a red mold 9 gnomes a jackal 2 newts 3 goblins 3 sewer rats 2 grid bugs 4 lichens a kobold zombie 57 creatures vanquished. Voluntary challenges: You followed a strict vegan diet. You did not adorn yourself with jewelry or accessories. You did not cause conflict. You were not invisible. You did not have reflection. You were not displaced. You were an atheist. You used a wielded weapon 95 times, starting on turn 2. You did not apply a unicorn horn. You did not use plumbed fixtures. You did not drink any magical draughts. You were illiterate. You never genocided any monsters. You never polymorphed an object. You never changed form. You used no wishes. You never split a pudding. You never wrote Elbereth's name. You never violated your personal moral code. Dungeon overview: The Dungeons of Doom: levels 1 to 5 Level 1 some fountains a long staircase Level 2 (vault) a general store, a fountain Level 3 a fountain Level 4 a fountain stairs to The Gnomish Mines Level 5 The Gnomish Mines: levels 5 to 7 Level 5 stairs to The Dungeons of Doom Level 6 Level 7 <- You were here History has recorded: On T:1 you entered the Dungeons of Doom to retrieve the Amulet of Yendor! On T:17 you reached level 2 of The Dungeons of Doom. On T:203 you reached level 3 of The Dungeons of Doom. On T:321 you advanced to experience level 2. On T:445 you reached level 4 of The Dungeons of Doom. On T:467 you advanced to experience level 3. On T:616 you reached level 5 of The Dungeons of Doom. On T:668 you reached level 1 of The Gnomish Mines. On T:755 you advanced to experience level 4. On T:807 you advanced to experience level 5. On T:892 you reached level 2 of The Gnomish Mines. On T:1172 you reached level 3 of The Gnomish Mines. Score breakdown: Gold: 165 ( 16 points) Experience: 5 levels ( 400 points) Exploration: 7 levels ( 180 points) Discoveries: 29 items ( 1450 points) Variety of kills: 25 monsters ( 1250 points) Major goal: (nothing yet) ( 0 points) Survival: died (score multiplied by 3) Total score: 9888 Latest messages: You produce a strange whistling sound. A bat blocks your way. A gnome blocks your way. (3x) The gnome shudders for a moment. You see here a sling. Kaablamm! You hear an explosion in the distance! You stop exploring. (2x) You whip the giant spider. The giant spider bites! The giant spider moves its spinnerets around you. The web sticks you to the floor. You whip the giant spider. (2x) The giant spider bites! The giant spider moves its spinnerets around you. The giant spider bites! The giant spider moves its spinnerets around you. You whip the giant spider. The rope golem claws you! (2x) The rope golem grabs you! The giant spider bites! The giant spider moves its spinnerets around you. You cannot escape from the rope golem! The bat shudders for a moment. The rope golem claws you! (2x) You are being choked. You die... Final status: Goodbye woodfighter the Archeologist, killed by a rope golem... You died in The Gnomish Mines on dungeon level 7 with 9888 points, and 165 pieces of gold, after 1312 moves. You were level 5 with a maximum of 38 hit points when you died.